Map: Central Protocol

Players

Zorophoto

  • Race: Protoss Protoss

juhyg - Winner!

  • Race: Zerg Zerg

VOD

Have the link to the VOD?

Description

Time

  • Played on: Jan. 27, 2016, 6:44 p.m.
  • Length: 9:13
Show
View Real Time Build Order
Export as new Build Order

Zorophoto Protoss 

Build Orders:  

Get SALT Encoding   

  12  0:30  Pylon  
  12  0:36  Pylon  
  12  0:53  Gateway  
  12  1:00  Forge  
  12  1:16  Pylon  
  12  1:24  Assimilator  
  12  1:29  Probe (Chrono Boost)  
  12  1:30  Assimilator  
  14  1:40  Probe (Chrono Boost)  
  14  1:50  Probe (Chrono Boost)  
  15  2:01  Probe (Chrono Boost)  
  16  2:11  Probe (Chrono Boost)  
  17  2:22  Probe (Chrono Boost)  
  18  2:32  Probe (Chrono Boost)  
  19  2:43  Probe (Chrono Boost)  
  20  2:44  Cybernetics Core  
  20  2:53  Probe (Chrono Boost)  
  20  2:55  Photon Cannon  
  21  3:04  Probe (Chrono Boost)  
  22  3:12  Photon Cannon  
  21  3:21  Zealot (Chrono Boost)  
  22  3:47  Warp Gate  
  22  3:55  Protoss Ground Weapons Level 1 (Chrono Boost)  
  22  4:16  Nexus  
  22  4:25  Pylon  
  22  4:59  Nexus  
  22  5:11  Pylon  
  22  5:40  Probe  
  23  5:45  Probe  
  24  5:52  Probe  
  24  5:55  Assimilator  
  24  5:56  Probe  
  24  6:02  Assimilator  
  25  6:04  Probe  
  25  6:07  Probe  
  27  6:16  Probe  
  27  6:17  Probe  
  29  6:27  Gateway  
  29  6:28  Probe  
  30  6:35  Gateway  
  30  6:36  Gateway  
  30  6:45  Zealot  
  30  7:04  Photon Cannon  
  30  7:07  Photon Cannon  
  30  7:13  Photon Cannon  
  30  7:19  Photon Cannon  
  29  7:52  Gateway  
  29  7:57  Gateway  
  27  8:05  Gateway  
  27  8:22  Gateway  
  24  8:27  Probe  
  25  8:38  Probe  
  7  8:48  Probe  
  8  8:59  Probe  
Show
View Real Time Build Order
Export as new Build Order

juhyg Zerg - Winner!

Build Orders: Pool First 

Get SALT Encoding   

  12  0:19  Spawning Pool  
  11  0:26  Overlord  
  11  0:31  Drone  
  12  0:35  Drone  
  13  0:44  Drone  
  14  0:51  Drone, Extractor  
  14  1:09  Queen  
  16  1:12  Overlord  
  16  1:16  Drone  
  17  1:24  Extractor  
  16  1:26  Drone  
  17  1:40  Drone  
  17  1:46  Drone  
  19  1:52  Metabolic Boost  
  19  2:04  Roach Warren  
  19  2:05  Drone  
  19  2:06  Drone  
  20  2:22  Zergling x2  
  21  2:53  Roach x2  
  21  2:54  Roach  
  21  2:56  Overlord  
  21  2:58  Roach  
  29  3:30  Roach x3  
  34  3:49  Roach  
  36  4:02  Overlord  
  36  4:03  Overlord  
  36  4:22  Roach x2  
  36  4:23  Roach  
  42  4:38  Roach  
  42  4:39  Roach x3  
  50  4:48  Roach  
  52  5:07  Overlord  
  52  5:13  Zergling x2  
  53  5:22  Overlord x3  
  53  5:30  Roach  
  53  5:33  Lair  
  55  5:54  Hatchery  
  54  6:14  Roach x2  
  54  6:15  Roach  
  59  6:31  Roach x3  
  65  7:08  Roach x3  
  71  7:09  Roach  
  69  7:41  Roach x3  
  69  7:42  Roach x3  
  81  8:02  Overlord x2  
Tags
 
Add a new tag
Caveats
  • Supply blocks, unpowered buildings, or Contaminate may cause inaccurate times.
  • Supply counts are checked every 10 seconds.